 Dungeon Crawl Stone Soup version 0.30.1-11-g7821555f0a (webtiles) character file.

Game seed: 1565406095122442537

73 Fortress the Grave Robber (level 4, -4/30 HPs)
             Began as a Demonspawn Necromancer on Jan 10, 2024.
             Killed from afar by a white imp (13 damage)
             ... with a puff of frost
             ... on level 4 of the Dungeon.
             The game lasted 00:07:57 (1177 turns).

Fortress the Grave Robber (Demonspawn Necromancer)  Turns: 1177, Time: 00:07:58

Health: -4/30      AC:  3    Str:  8    XL:     4   Next: 8%
Magic:  1/8        EV: 12    Int: 18    God:
Gold:   44         SH:  0    Dex: 20    Spells: 7/8 levels left

rFire   . . .        (no weapon)
rCold   . . .        (no shield)
rNeg    . . .        d - +0 leather armour
rPois   .            (no helmet)
rElec   .            (no cloak)
rCorr   .            (gloves unavailable)
SInv    .            (no boots)
Will    .....        (no amulet)
Stlth   ++           n - +6 ring of dexterity
HPRegen 0.25/turn    (no ring)
MPRegen 0.11/turn

%: no passive effects
@: no status effects
A: claws 3
a: no special abilities


You were on level 4 of the Dungeon.
You visited 1 branch of the dungeon, and saw 3 of its levels.

You collected 44 gold pieces.

Inventory:

Missiles
 l - 2 curare-tipped darts
Armour
 a - a +0 pair of gloves
 d - a +0 leather armour (worn)
Magical Staves
 i - a staff of air
Jewellery
 n - a +6 ring of dexterity (left claw)
Scrolls
 c - a scroll of butterflies {unknown}
 h - a scroll of enchant weapon {unknown}
 j - a scroll of magic mapping {unknown}
Potions
 b - a potion of magic
 f - a potion of brilliance {unknown}
 g - a potion of berserk rage {unknown}
 k - a potion of degeneration {unknown}


   Skills:
 + Level 0.1 Fighting
 - Level 0.6 Short Blades
 - Level 0.2 Armour
 + Level 1.8 Dodging
 + Level 2.0 Stealth
 + Level 2.9 Spellcasting
 + Level 5.2 Necromancy


You had 7 spell levels left.
You knew the following spells:

 Your Spells              Type           Power      Damage    Failure   Level
a - Necrotise             Necr           84%        1d8       2%          1

Your spell library contained the following spells:

 Spells                   Type           Power      Damage    Failure   Level
 Vampiric Draining        Necr           21%        2d7       9%          3
 Cigotuvi's Dreadful Rot  Necr/Pois/Air  16%        N/A       17%         2
 Slow                     Hex            8%         N/A       24%         1
 Animate Dead             Necr           21%        N/A       26%         4
 Scorch                   Fire           4%         2d5       34%         2
 Confusing Touch          Hex            2%         N/A       56%         3
 Ignite Poison            Fire/Tmut/Pois 2%         N/A       56%         3
 Agony                    Necr           21%        N/A       58%         5
 Flame Wave               Conj/Fire      2%         2d4       93%         4
 Freezing Cloud           Conj/Ice/Air   1%         6-21      100%        5
 Summon Cactus Giant      Summ           1%         N/A       100%        6


Dungeon Overview and Level Annotations

Branches:
Dungeon (2/15)

Altars:
Uskayaw

Shops:
D:1 !


Innate Abilities, Weirdness & Mutations

You have claws for hands.


Message History

You feel sick. The adder bites you.
Your iguana skeleton closely misses the adder.
The adder bites you but does no damage.
You closely miss the adder.
The adder is lightly wounded.
You feel sick. The adder bites you.
Your iguana skeleton bites the adder!
The adder dies!
You have reached level 4!
You feel agile.
Your demonic ancestry asserts itself...
Your hands twist into claws.
Your +0 pair of gloves falls away!
Okay, then.
You are now empty-clawed.
You drop a +0 dagger.
You feel sick. The white imp gestures at you. The puff of frost hits you.
* * * LOW HITPOINT WARNING * * *
Okay, then.
You feel sick. The white imp gestures at you.
The puff of frost hits your iguana skeleton.
Your iguana skeleton resists.
You feel sick.
You are no longer poisoned.
You see here an adder corpse.
Your iguana skeleton bites the white imp!
The white imp gestures at you.
The puff of frost hits your iguana skeleton.
Your iguana skeleton resists.
Your iguana skeleton barely misses the white imp.
Casting: Necrotise (safe; 2% risk of failure)
Confirm with . or Enter, or press ? or * to list all spells.
You can't see any susceptible monsters within range! (Use Z to cast anyway.) Really attack while wielding nothing? [Y]es or [N]o only, please.
Really attack while wielding nothing?
You scratch the white imp but do no damage.
The white imp is severely wounded.
The white imp gestures at you. The puff of frost hits you!
You die...

#.........#
#.........#
#.........#
#.........#
#.........#
#.....=..)#
###..###†.#
#### #..###
#@...#
#5Z..#
#....+
#....#
#...##
#...# .$...
......


You could see a white imp (ally target) and a friendly iguana skeleton.

Vanquished Creatures
  An iguana (D:4)
  A dart slug (D:1)
  2 ball pythons (D:1)
  3 endoplasms
  5 giant cockroaches (D:1)
  3 goblins (D:1)
  2 hobgoblins
  2 kobolds (D:1)
  3 quokkas (D:1)
  3 bats
  2 frilled lizards (D:1)
  2 rats (D:1)
29 creatures vanquished.

Vanquished Creatures (collateral kills)
  An adder (D:4)
  A bat (D:1)
  An endoplasm (D:1)
  A rat (D:1)
4 creatures vanquished.

Grand Total: 33 creatures vanquished

Notes
Turn   | Place    | Note
-------+----------+-------------------------------------------
     0 | D:1      | Fortress the Demonspawn Necromancer began the quest for the
                  | Orb.
     0 | D:1      | Reached XP level 1. HP: 13/13 MP: 3/3
   285 | D:1      | Found Syffasat's Distillery.
   324 | D:1      | Gained mutation: You have sharp fingernails. [demonic
                  | ancestry]
   324 | D:1      | Reached XP level 2. HP: 19/19 MP: 0/5
   730 | D:1      | Reached skill level 5 in Necromancy
   810 | D:1      | Gained mutation: You have very sharp fingernails. [demonic
                  | ancestry]
   810 | D:1      | Reached XP level 3. HP: 24/24 MP: 1/6
  1029 | D:2      | Found a hide-covered altar of Uskayaw.
  1135 | D:2      | You fall into a shaft and drop 2 floors!
  1172 | D:4      | Gained mutation: You have claws for hands. [demonic
                  | ancestry]
  1172 | D:4      | Reached XP level 4. HP: 14/30 MP: 0/8
  1177 | D:4      | Killed from afar by a white imp

Illustrated notes

Levels and vault maps discovered:
D:1:      nicolae_arrival_somewhat_less_tricky_arrival, layout_loops_ring,
          serial_shops, shop
D:2:      layout_basic, basic_altar, uniq_jessica
D:4:      layout_gridville

Skill      XL: |  1  2  3 |
---------------+----------+-----
Necromancy     | 5 |  5.2
Stealth        | 2 |  2.0
Fighting       | |  0.1
Short Blades   | |  0.6
Armour         | |  0.2
Dodging        | |  1.8
Spellcasting   | |  2.9

Action                     |  1- 3 |  4- 6 || total
---------------------------+-------+-------++-------
  Melee: Dagger            |    68 |       ||    68
         Unarmed           |     2 |     1 ||     3
         Punch             |     1 |       ||     1
   Cast: Necrotise         |    26 |       ||    26
   Stab: Sleeping          |     4 |       ||     4
 Armour: Leather armour    |    23 |       ||    23
  Dodge: Dodged            |    34 |       ||    34
